 Dungeon Crawl Stone Soup version 0.22.0-36-g8e74550d25 (webtiles) character file.

125 Freyura the Cutter (level 4, -1/35 HPs)
             Began as a Vampire Monk on Aug 25, 2018.
             Slain by Natasha (7 damage)
             ... on level 2 of the Dungeon.
             The game lasted 00:05:09 (3477 turns).

Freyura the Cutter (Vampire Monk)                   Turns: 3477, Time: 00:05:10

Health: -1/35      AC:  2    Str: 10    XL:     4   Next: 82%
Magic:  4/4        EV: 14    Int: 12    God:
Gold:   162        SH:  0    Dex: 17    Spells: 3/3 levels left

rFire    . . .     SeeInvis +   a - +0 short sword
rCold    + . .     Gourm    .   (no shield)
rNeg     + + .     Faith    .   b - +0 robe
rPois    +         Spirit   .   (no helmet)
rElec    .         Reflect  .   (no cloak)
rCorr    .         Harm     .   (no gloves)
MR       .....                  (no boots)
Stlth    ++++......             (no amulet)
HPRegen  0.05/turn              (no ring)
MPRegen  0.09/turn              (no ring)

@: regenerating slowly
A: fangs 3, see invisible, unbreathing
a: Bat Form


You were on level 2 of the Dungeon.
You were near bloodless.

You visited 1 branch of the dungeon, and saw 2 of its levels.

You collected 162 gold pieces.

Inventory:

Hand Weapons
 a - a +0 short sword (weapon)
Armour
 b - a +0 robe (worn)
Scrolls
 e - 6 scrolls of identify {unknown}
 g - a scroll of fear {unknown}
 h - a scroll of teleportation {unknown}
 k - a scroll of remove curse {unknown}
Potions
 c - 2 potions of blood
 d - a potion of ambrosia {unknown}
 f - a potion of cancellation {unknown}
 i - 2 potions of lignification {unknown}
 j - a potion of flight {unknown}


   Skills:
 + Level 3.3 Fighting
 + Level 4.5 Short Blades
 + Level 4.1 Dodging
 + Level 4.2 Stealth


You had 3 spell levels left.
You didn't know any spells.
Your spell library was empty.

Dungeon Overview and Level Annotations

Branches:
Dungeon (2/15)

Altars:
Gozag

Annotations:
D:2 Natasha


Innate Abilities, Weirdness & Mutations

You heal slowly.
You have razor-sharp teeth.
You have supernaturally acute eyesight. (SInv)
You can survive without breathing.


Message History

You hit Natasha.
Natasha is severely wounded.
The iron imp disappears in a puff of smoke!
Natasha claws you.
* * * LOW HITPOINT WARNING * * *
You hit Natasha.
Natasha is almost dead.
You hit Natasha but do no damage.
Natasha is almost dead.
Natasha mumbles some strange words.
You hit Natasha.
Natasha is almost dead.
Natasha closely misses you.
You hit Natasha but do no damage.
Natasha is almost dead.
Natasha barely misses you.
You barely miss Natasha.
Natasha is almost dead.
Natasha claws you!
You die...

PPP.####.#.#......####.#######.#
≈##.####.##................###.#
≈≈#.#..............###.........#
PP#.#.##.##.......## #####.#####
PP≈......###...#.## ####.#####
♣≈≈≈PPP#.# ##.##.# #<.......#
≈≈♣≈≈≈P..# ####5# #.##.##..#
PP≈P♣≈≈≈.# ##h## #.##.# .#
P...≈PP≈.# ##.@.## #.##.. #
##....#..# ##...?.## #.##.#.
#.#.#.#.# #....÷..# #.##.#..
##.#.....###.........##..... ..
...........+?>.......+... .. ..#
.###....####.........# .# #.#.##
##.......## .# #.### ##...$.##
.# #.# ##...##


You could see Natasha and a shadow imp.

Vanquished Creatures
  Terence (D:2)
  Natasha (D:2)
  2 adders (D:2)
  An ooze (D:1)
  3 worms (D:2)
  A dart slug (D:1)
  A leopard gecko (D:1)
  A ball python (D:1)
  2 giant cockroaches (D:1)
  5 hobgoblins
  3 jackals (D:1)
  A quokka (D:2)
  6 bats
  3 goblins (D:1)
  7 kobolds (D:1)
  2 rats
40 creatures vanquished.

Notes
Turn   | Place    | Note
-------+----------+-------------------------------------------
     0 | D:1      | Freyura the Vampire Monk began the quest for the Orb.
     0 | D:1      | Reached XP level 1. HP: 17/17 MP: 1/1
    66 | D:1      | Reached XP level 2. HP: 1/24 MP: 2/2
   716 | D:1      | Reached XP level 3. HP: 29/29 MP: 3/3
  1908 | D:2      | Found an opulent altar of Gozag.
  2325 | D:2      | Reached XP level 4. HP: 35/35 MP: 4/4
  2459 | D:2      | Noticed Terence
  2503 | D:2      | HP: 1/35 [Terence/short sword (3)]
  2506 | D:2      | Killed Terence
  3430 | D:2      | Noticed Natasha
  3443 | D:2      | Killed Natasha
  3455 | D:2      | Noticed Natasha
  3477 | D:2      | Slain by Natasha

Skill      XL: |  1  2  3  4 |
---------------+-------------+-----
Fighting       | 3 |  3.3
Short Blades   | 4 |  4.5
Dodging        | 4 |  4.1
Stealth        | 4 |  4.2

Action                   |  1- 3 |  4- 6 || total
-------------------------+-------+-------++-------
Melee: Short sword       |   114 |    84 ||   198
       Bite              |    11 |     8 ||    19
  Use: Potion            |     1 |     2 ||     3
 Stab: Sleeping          |    12 |     1 ||    13
Armor: Robe              |    24 |     5 ||    29
Dodge: Dodged            |    97 |    33 ||   130
